 Dungeon Crawl Stone Soup version 0.19-a0-1155-gb6eeeff (webtiles) character file.

22 Duffy the Sneak (level 2, -1/13 HPs)
             Began as a Spriggan Enchanter on Aug 13, 2016.
             Slain by a hobgoblin
             ... wielding a +0 club
              (2 damage)
             ... on level 1 of the Dungeon.
             The game lasted 00:01:02 (966 turns).

Duffy the Sneak (Spriggan Enchanter)                 Turns: 966, Time: 00:01:02

Health: -1/13      AC:  3    Str:  4    XL:     2   Next: 68%
Magic:  7/7        EV: 18    Int: 16    God:
Gold:   61         SH:  0    Dex: 16    Spells: 2 memorised, 4 levels left

rFire  . . .     SeeInvis +     a - +1 dagger
rCold  . . .     Gourm    .     b - +1 robe
rNeg   . . .     Faith    .     (shield restricted)
rPois  .         Spirit   .     (helmet restricted)
rElec  .         Dismiss  .     (no cloak)
rCorr  .         Reflect  .     (gloves unavailable)
MR     .....     Harm     .     (boots unavailable)
Stlth  +++.......               (no amulet)
                                (no ring)
                                (no ring)

@: very quick
A: unfitting armour, see invisible, herbivore 3, speed 3, slow metabolism 2
a: no special abilities


You were on level 1 of the Dungeon.
You were not hungry.

You visited 1 branch of the dungeon, and saw 1 of its levels.

You collected 61 gold pieces.


Innate Abilities, Weirdness & Mutations

You are tiny and cannot use many weapons and most armour.
You have supernaturally acute eyesight. (SInv)
You are a herbivore.
You cover ground extremely quickly.
You need consume almost no food.


   Skills:
 + Level 1.7 Short Blades
 - Level 3.0 Dodging
 + Level 5.0 Stealth
 + Level 3.1 Spellcasting
 + Level 3.8 Hexes


You had 4 spell levels left.
You knew the following spells:

 Your Spells              Type           Power        Failure   Level  Hunger
a - Ensorcelled Hibernat  Hex/Ice        #.....       14%         2    ##.....
r - Corona                Hex            ##.....      4%          1    None

Inventory:

Hand Weapons
 a - a +1 dagger (weapon)
Armour
 b - a +1 robe (worn)
Scrolls
 e - a scroll of blinking {unknown}
 g - a scroll of identify {unknown}
 h - a scroll of enchant armour {unknown}
 i - 2 scrolls of teleportation {unknown}
Potions
 f - a potion of berserk rage {unknown}
 j - a potion of flight {unknown}
Books
 c - a book of Maledictions
Comestibles
 d - a bread ration

Dungeon Overview and Level Annotations

Branches:
Dungeon (1/15)

Altars:


Message History

You are too injured to fight recklessly!
You are too injured to fight recklessly!
You are too injured to fight recklessly!
You are too injured to fight recklessly!
You hit the hobgoblin but do no damage.
The hobgoblin is heavily wounded.
You hit the hobgoblin but do no damage.
The hobgoblin is heavily wounded.
The hobgoblin completely misses you.
You hit the hobgoblin but do no damage.
The hobgoblin is heavily wounded.
The hobgoblin misses you.
You hit the hobgoblin but do no damage.
The hobgoblin is heavily wounded.
The hobgoblin completely misses you.
You hit the hobgoblin but do no damage.
The hobgoblin is heavily wounded.
The hobgoblin completely misses you.
You hit the hobgoblin.
The hobgoblin is severely wounded.
You closely miss the hobgoblin.
The hobgoblin is severely wounded.
The hobgoblin completely misses you.
You hit the hobgoblin but do no damage.
The hobgoblin is severely wounded.
The hobgoblin hits you with a club.
You hit the hobgoblin but do no damage.
The hobgoblin is severely wounded.
The hobgoblin hits you but does no damage.
You hit the hobgoblin but do no damage.
The hobgoblin is severely wounded.
The hobgoblin misses you.
You barely miss the hobgoblin.
The hobgoblin is severely wounded.
The hobgoblin misses you.
You barely miss the hobgoblin.
The hobgoblin is severely wounded.
You hit the hobgoblin but do no damage.
The hobgoblin is severely wounded.
The hobgoblin barely misses you.
You barely miss the hobgoblin.
The hobgoblin is severely wounded.
The hobgoblin hits you but does no damage.
You closely miss the hobgoblin.
The hobgoblin is severely wounded.
The hobgoblin hits you but does no damage.
You closely miss the hobgoblin.
The hobgoblin is severely wounded.
The hobgoblin hits you with a club.
You die...

#......###.#######
#..#.#.#..........
#..#.#.#..........
#..#.#.#..........
###.#.#.#...%......
#.....#.........###
#.....#.........#
#.
#.....#.........#
#.
#...g@..........#
#.
#...............#
#.
#####)......#####
#.
#.......#########.
#.#....###........
#>................
##.########........
#..%......#....)...
#.........#........


You could see a hobgoblin.

Action                   || total
-------------------------++-------
Melee: Dagger            ||   120
 Stab: Sleeping          ||     1
Armor: Robe              ||    14
Dodge: Dodged            ||    66

Notes
Turn   | Place    | Note
-------+----------+-------------------------------------------
     0 | D:1      | Duffy the Spriggan Enchanter began the quest for the Orb.
     0 | D:1      | Reached XP level 1. HP: 9/9 MP: 5/5
   516 | D:1      | Reached XP level 2. HP: 12/13 MP: 6/6
   520 | D:1      | Learned a level 2 spell: Ensorcelled Hibernation
   541 | D:1      | Reached skill level 3 in Spellcasting
   882 | D:1      | Reached skill level 5 in Stealth
   966 | D:1      | Slain by a hobgoblin

Skill      XL: |  1  2 |
---------------+-------+-----
Spellcasting   | 3 |  3.1
Stealth        | 5 |  5.0
Short Blades   | |  1.7
Dodging        | |  3.0
Hexes          | |  3.8

Vault maps used:
D:1:      dpeg_arrival_tiny_d, minmay_statues_item, minmay_misc_feat_chi

Vanquished Creatures
  An ooze
  3 goblins
  4 hobgoblins
  3 kobolds
  A giant newt
  6 rats
18 creatures vanquished.
